 Dungeon Crawl Stone Soup version 0.26-a0-597-gb535b0901c (webtiles) character file.

Game seed: 15683994994507205309

27 Lanoc the Skirmisher (level 2, -1/26 HPs)
             Began as a Draconian Monk on Sept 7, 2020.
             Slain by an orc
             ... wielding a +0 club
              (5 damage)
             ... on level 3 of the Dungeon.
             The game lasted 00:01:05 (436 turns).

Lanoc the Skirmisher (Draconian Monk)                Turns: 436, Time: 00:01:05

Health: -1/26      AC:  4    Str: 13    XL:     2   Next: 93%
Magic:  2/2        EV: 13    Int: 10    God:
Gold:   38         SH:  0    Dex: 13    Spells: 1/1 levels left

rFire    . . .     SeeInvis .   a - +0 falchion
rCold    . . .     Faith    .   (no shield)
rNeg     . . .     Spirit   .   (armour unavailable)
rPois    .         Reflect  .   (helmet restricted)
rElec    .         Harm     .   (no cloak)
rCorr    .                      (no gloves)
MR       .....                  (no boots)
Stlth    +.........             (no amulet)
HPRegen  0.08/turn              b - ring of attention (curse)
MPRegen  0.08/turn              (no ring)

@: no status effects
A: unfitting armour, cold-blooded, AC +4
a: no special abilities


You were on level 3 of the Dungeon.
You visited 1 branch of the dungeon, and saw 3 of its levels.

You collected 38 gold pieces.

Inventory:

Hand Weapons
 a - a +0 falchion (weapon)
Jewellery
 b - a cursed ring of attention (left hand)


   Skills:
 + Level 3.6 Fighting
 * Level 3.6 Long Blades
 + Level 3.0 Dodging
 - Level 1.7 Stealth


You had one spell level left.
You didn't know any spells.
Your spell library was empty.

Dungeon Overview and Level Annotations

Branches:
Dungeon (3/15)

Altars:

Annotations:
D:3 Grinder


Innate Abilities, Weirdness & Mutations

Your plain brown scales are hard. (AC +4)
You cannot fit into any form of body armour.
You are cold-blooded and may be slowed by cold attacks.


Message History

Grinder hits you but does no damage.
Grinder says, "DUCK!"
Grinder hits you!
You writhe in agony.
* * * LOW HITPOINT WARNING * * *
You aren't carrying any potions.
Grinder says, "Make like a tree!"
Press: ? - help, Dir - move target cursor
As you read the scroll labeled RYESUZ UDICSE, it crumbles to dust.
It was a scroll of blinking.
An orc comes into view. It is wielding a +0 club.
The orc shouts!
You hear a bark!
You hear an angry hiss.
The orc hits you but does no damage. The orc hits you with a +0 club.
* * * LOW HITPOINT WARNING * * *
A leopard gecko comes into view.
The leopard gecko hisses angrily.
The orc barely misses you.
There is an escape hatch in the floor here.
The orc hits you with a +0 club.
You die...

#........# ##...#
##...#.### ###....#
#...#.# #......#
##...#.########......#
...............5.....##
.........#####......##
...$.....# #.#.##.#
.......o.# ........#
........@# ........##
...#.....#.).......#
...#.##............# #.
#.##l.......(# . #. ..
. #. .. .. ... .. ...


You could see an orc and a leopard gecko.

Vanquished Creatures
  2 adders (D:2)
  An orc (D:3)
  A giant cockroach (D:3)
  2 goblins
  A hobgoblin (D:2)
  A kobold (D:2)
  A rat (D:2)
9 creatures vanquished.

Vanquished Creatures (others)
  A plant (D:2)
1 creature vanquished.

Grand Total: 10 creatures vanquished

Notes
Turn   | Place    | Note
-------+----------+-------------------------------------------
     0 | D:1      | Lanoc the Draconian Monk began the quest for the Orb.
     0 | D:1      | Reached XP level 1. HP: 19/19 MP: 1/1
    64 | D:2      | Reached XP level 2. HP: 25/26 MP: 2/2
   400 | D:3      | Noticed Grinder
   416 | D:3      | Paralysed by Grinder for 5 turns
   436 | D:3      | Slain by an orc

Illustrated notes

Levels and vault maps discovered:
D:1:      minmay_arrival_five_plusses, layout_basic
D:2:      layout_loops_corners, serial_bayou_ford_a, minmay_misc_feat_pillars,
          kennysheep_generic_room_13
D:3:      layout_rooms, uniq_grinder, uniq_sigmund

Skill      XL: |  1  2 |
---------------+-------+-----
Dodging        | 3 |  3.0
Fighting       | |  3.6
Long Blades    | |  3.6
Stealth        | |  1.7

Action                   || total
-------------------------++-------
Melee: Falchion          ||    37
       Tailslap          ||     7
  Use: Scroll            ||     1
Armor: Skin              ||    12
Dodge: Dodged            ||    24
       Rpst.: Falchion   ||     6

Table legend: (Time is in decaauts)
 A = Elapsed time spent in this place.
 B = Non-inter-level travel time spent in this place.
 C = Inter-level travel time spent in this place.
 D = Time resting spent in this place.
 E = Time spent auto-exploring this place.
 F = Levels seen in this place.
 G = Mean time per level.
                   A        B        C        D        E       F      G
               +--------+--------+--------+--------+--------+-----+--------+
         Total |    440 |    440 |      0 |      0 |    325 |   3 |  146.7 |
       Dungeon |    440 |    440 |      0 |      0 |    325 |   3 |  146.7 |
               +--------+--------+--------+--------+--------+-----+--------+

Top non-repeatable levels by time:
     D:2: 351 daAuts
     D:3: 61 daAuts
     D:1: 27 daAuts
